 Dungeon Crawl Stone Soup version 0.31-a0-1074-g0b22e4e0f1 (webtiles) character file.

Game seed: 15738973566254051522

55 bmb222 the Sneak (level 3, -1/33 HPs)
             Began as a Minotaur Delver on Dec 1, 2023.
             Slain by Natasha (4 damage)
             ... on level 4 of the Dungeon.
             The game lasted 00:01:53 (95 turns).

bmb222 the Sneak (Minotaur Delver)                    Turns: 95, Time: 00:01:53

Health: -1/33      AC:  3    Str: 18    XL:     3   Next: 67%
Magic:  2/2        EV: 12    Int:  7    God:
Gold:   0          SH:  0    Dex: 11    Spells: 2/2 levels left

rFire   . . .        a - +0 mace
rCold   . . .        (no shield)
rNeg    . . .        b - +0 leather armour
rPois   .            (helmet restricted)
rElec   .            (no cloak)
rCorr   .            (no gloves)
SInv    .            (no boots)
Will    .....        (no amulet)
Stlth   ++           (no ring)
HPRegen 0.25/turn    (no ring)
MPRegen 0.08/turn

%: no passive effects
@: no status effects
A: horns 2, retaliatory headbutt
a: no special abilities


You were on level 4 of the Dungeon.
You visited 1 branch of the dungeon, and saw 2 of its levels.

Inventory:

Hand Weapons
 a - a +0 mace (weapon)
Armour
 b - a +0 leather armour (worn)
Wands
 g - a wand of digging (3)
Scrolls
 e - a scroll of fear
Potions
 f - a potion of haste


   Skills:
 + Level 4.0 Fighting
 * Level 2.5 Maces & Flails
 - Level 2.3 Dodging
 - Level 5.0 Stealth


You had 2 spell levels left.
You didn't know any spells.
Your spell library was empty.

Dungeon Overview and Level Annotations

Branches:
Dungeon (5/15)
 Temple: D:4-7

Altars:

Annotations:
D:4 Natasha


Innate Abilities, Weirdness & Mutations

You have a pair of horns on your head.
You reflexively headbutt those who attack you in melee.


Message History

You hear a shout!
You hear an angry hiss.
An adder comes into view.
The orc priest invokes the aid of Beogh against you.
Beogh smites you!
There is a stone staircase leading up here.
You climb upwards.
Natasha hisses angrily.
Found 20 gold pieces.
There is a stone staircase leading down here.
You climb downwards.
There is a stone staircase leading up here.
The orc priest invokes the aid of Beogh against you.
Beogh smites you!
* * * LOW HITPOINT WARNING * * *
There is a stone staircase leading up here.
You climb upwards.
Level annotation: Natasha The gnoll shouts! x4; The kobold shouts!
Found a dark potion and a curved glowing staff.
There is a stone staircase leading down here.
You open the door.
There is an open door here.
As you read the scroll of revelation, it crumbles to dust.
You feel aware of your surroundings.
You sensed 1 altar.
Found a scroll labelled VYGULE VUPS.
As you read the scroll of fog, it dissolves into smoke.
You hit the phantom but do no damage. Your headbutt misses the phantom.
The gnoll closely misses you. The phantom hits you!
* * * LOW HITPOINT WARNING * * *
The phantom blinks!
You blink.
An orc comes into view. It is wielding a +0 club.
Found a scroll labelled VYGULE VUPS.
Natasha wildly gestures.
Natasha's front paws start to glow.
The phantom hits you.
* * * LOW HITPOINT WARNING * * *
The phantom blinks!
You blink.
The orc moves out of view.
Natasha claws you.
You die...
Natasha begins licking her fur clean.

,,,,,,,,,,,,,....?,,####§§#######
*,,,,,,,,.....o....§####g########
**,,,**,,..........§§§§g§#.......
**+****,,..........§§#####.....J.
,,,,,,,,,........?.§§#####.......
,,,,****,..........#.#####.......
,,,,* *,.........J#.#####.......
,,,,* **#......h.##.# *,,,,,,,
,,,,*****#......@.##.# *,,,,,,,
,,,,**,,,........W#..#####.,,,,,,
,,,,**,,,.....##.#.........,,,,,,
,,,,*,,,,....,*#.+.......$.,,,,,,
,,,,*,,,,...,,*###.>.......,,,,,,
,,,,,,,**##*,,* #......h..******
,,,,,,,,,,,,,,* #.........*
,,,,,*,,,*,,,,* #.........*
,,,,,*,,,,,,,,* ##.#######*


You could see a phantom, Natasha, an orc (wandering) and an endoplasm
(wandering).

Vanquished Creatures
  A scorpion (D:5)
1 creature vanquished.

Notes
Turn   | Place    | Note
-------+----------+-------------------------------------------
     0 | D:5      | bmb222 the Minotaur Delver began the quest for the Orb.
     0 | D:5      | Reached XP level 1. HP: 19/19 MP: 0/0
     1 | D:5      | Noticed an orc priest
    19 | D:5      | Noticed a scorpion
    25 | D:5      | Killed a scorpion
    26 | D:5      | Reached skill level 5 in Stealth
    26 | D:5      | Reached XP level 2. HP: 27/27 MP: 1/1
    26 | D:5      | Reached XP level 3. HP: 33/33 MP: 2/2
    66 | D:4      | Noticed Natasha
    66 | D:4      | Noticed a phantom
    95 | D:4      | Slain by Natasha

Illustrated notes

Levels and vault maps discovered:
D:4:      layout_basic, trog_three_pillars_becter, hangedman_decor_lopped,
          item_on_display_a, uniq_natasha
D:5:      layout_rooms, vehumet_altar_wand_db, minmay_manual_mullet

Skill      XL: |  1 |
---------------+----+-----
Fighting       | 4 |  4.0
Stealth        | 5 |  5.0
Maces & Flails | |  2.5
Dodging        | |  2.3

Action                     || total
---------------------------++-------
  Melee: Mace              ||     2
         Headbutt          ||     1
    Use: Scroll            ||     2
 Armour: Leather armour    ||     3
  Dodge: Dodged            ||     3

Table legend: (Time is in decaauts)
 A = Elapsed time spent in this place.
 B = Non-inter-level travel time spent in this place.
 C = Inter-level travel time spent in this place.
 D = Time resting spent in this place.
 E = Time spent auto-exploring this place.
 F = Levels seen in this place.
 G = Mean time per level.
                   A        B        C        D        E       F      G
               +--------+--------+--------+--------+--------+-----+--------+
         Total |     95 |     95 |      0 |      0 |     21 |   2 |   47.5 |
       Dungeon |     95 |     95 |      0 |      0 |     21 |   2 |   47.5 |
               +--------+--------+--------+--------+--------+-----+--------+

Top non-repeatable levels by time:
     D:5: 74 daAuts
     D:4: 20 daAuts
